AoeStats
← AristeoXD

Glade

510460244Analyzed
1v1 RM · 2d ago on Oct 1, 2026· 18m 2s· 2 players
Game mode
Random Map
Map size
Tiny (2 player)
Population
200
Speed
Normal
Resources
Standard
Victory
Conquest
Starting age
Dark Age
Ending age
Imperial Age
RankedLock teamsTeams togetherTeam positionsShared explorationLock speedFull tech treeHidden civsTurbo modeCheats
Victory
Defeat
🇲🇽 Cumans · Mexico
1333
+17
🇦🇷 Portuguese · Argentina
1358
-17
Thanathoz130
0:28 Loom
8:40 Feudal Age
9:08 Double-Bit Axe
12:55 Fletching
AristeoXD
9:13 Loom
10:58 Feudal Age
14:48 Castle Age
14:33 Double-Bit Axe
Connection lost

Rejoining the realm…

Still unreachable

The connection could not be restored.

Session expired

The server has moved on; the page needs a fresh start.